 Dungeon Crawl Stone Soup version 0.29.0-11-gd7f09526c8 (webtiles) character file.

Game seed: 4874906933212695298

403528 sanka the Wrestler (level 22, -11/195 (230) HPs)
             Began as a Troll Cinder Acolyte on Sept 2, 2022.
             Was a High Priest of Okawaru.
             Mangled by a demonspawn warmonger
             ... wielding a +0 antimagic bardiche
              (22 damage)
             ... in Pandemonium on Sept 3, 2022.
             The game lasted 02:21:01 (34805 turns).

sanka the Wrestler (Troll Cinder Acolyte)          Turns: 34805, Time: 02:21:02

HP:   -11/195 (230) AC: 44    Str: 32    XL:     22   Next: 60%
MP:   0/30          EV:  9    Int:  8    God:    Okawaru [*****.]
Gold: 1975          SH:  0    Dex:  9    Spells: 23/23 levels left

rFire   + + +      SeeInvis .     - Unarmed
rCold   . . .      Faith    .   (no shield)
rNeg    . . .      Spirit   +   h - +8 gold dragon scales
rPois   +          Reflect  .   f - +2 hat
rElec   .          Harm     .   J - +2 cloak {Stlth+}
rCorr   .          Rampage  .   (gloves unavailable)
Will    +....                   (boots unavailable)
Stlth   ..........              O - amulet of guardian spirit
HPRegen 1.22/turn               F - ring of fire
MPRegen 0.22/turn               v - +4 ring of protection

@: heroic, magic-sapped, hasted, studying Short Blades, heavily drained, very
quick
A: large, unfitting armour, claws 3, regeneration 1, shaggy fur 1, tough skin 1,
iridescent scales 1, thin skeletal structure 1, clumsy 1, deterioration 1, dopey
1, fire resistance 1, wild magic 1
}: 1/15 runes: demonic
a: Renounce Religion, Heroism, Finesse, Duel


You were in Pandemonium.
You worshipped Okawaru.
Okawaru was extremely pleased with you.
You visited 4 branches of the dungeon, and saw 21 of its levels.
You visited Pandemonium 1 time, and saw 12 of its levels.
You visited 1 ziggurat, and saw 7 of its levels.
You also visited: Sewer and Bailey.

You collected 3355 gold pieces.
You spent 1380 gold pieces at shops.


Innate Abilities, Weirdness & Mutations

You are too large for most types of armour.
You have claws for hands.
Your natural rate of healing is unusually fast.
You are covered in fur. (AC +1)
You have tough skin. (AC +1)
You are partially covered in iridescent scales. (AC +2)
You have a somewhat thin skeletal structure. (Dex +2, Stealth+)
You are clumsy. (Dex -2)
Your body sometimes deteriorates upon taking damage.
You are dopey. (Int -2)
Your flesh is heat resistant. (rF+)
Your spells are a little harder to cast, but a little more powerful.


   Skills:
 + Level 15.6(20.6) Fighting
 + Level 13.4(18.4) Throwing
 + Level 14.1(19.1) Armour
 - Level 10.0(15.0) Dodging
 - Level 10.0(15.0) Shields
 - Level 22.0(27) Unarmed Combat
 - Level 1.0 Spellcasting
 - Level 2.1 Fire Magic
 - Level 12.0 Invocations


You had 23 spell levels left.
You didn't know any spells.
Your spell library contained the following spells:

 Spells                   Type           Power      Damage    Failure   Level
 Scorch                   Fire           14%        2d6       95%         2
 Apportation              Tloc           0%         N/A       99%         1
 Magic Dart               Conj           0%         1d3       99%         1
 Necrotise                Necr           0%         1d4       99%         1
 Sandblast                Erth           0%         2d4       99%         1
 Slow                     Hex            0%         N/A       99%         1
 Ensorcelled Hibernation  Hex/Ice        0%         N/A       100%        2
 Passwall                 Tmut/Erth      0%         N/A       100%        2
 Searing Ray              Conj           0%         2d4       100%        2
 Confusing Touch          Hex            0%         N/A       100%        3
 Gell's Gravitas          Tloc           0%         N/A       100%        3
 Ignite Poison            Fire/Tmut/Pois 3%         N/A       100%        3
 Mephitic Cloud           Conj/Pois/Air  0%         N/A       100%        3
 Ozocubu's Armour         Ice            0%         N/A       100%        3
 Spider Form              Tmut/Pois      0%         N/A       100%        3
 Stone Arrow              Conj/Erth      0%         3d7       100%        3
 Teleport Other           Tloc           0%         N/A       100%        3
 Vampiric Draining        Necr           0%         2d6       100%        3
 Anguish                  Hex/Necr       0%         N/A       100%        4
 Corpse Rot               Necr/Pois/Air  0%         N/A       100%        4
 Fulminant Prism          Conj/Hex       0%         3d6       100%        4
 Olgreb's Toxic Radiance  Pois           0%         N/A       100%        4
 Petrify                  Tmut/Erth      0%         N/A       100%        4
 Alistair's Intoxication  Tmut/Pois      0%         N/A       100%        5
 Iskenderun's Battlesphe  Conj           0%         2d6       100%        5
 Metabolic Englaciation   Hex/Ice        0%         N/A       100%        5
 Yara's Violent Unravell  Hex/Tmut       0%         3d3       100%        5
 Dispersal                Tloc           0%         N/A       100%        6
 Iron Shot                Conj/Erth      0%         9d1       100%        6
 Statue Form              Tmut/Erth      0%         N/A       100%        6
 Enfeeble                 Hex            0%         N/A       100%        7
 Ozocubu's Refrigeration  Ice            0%         4d7       100%        7
 Summon Small Mammal      Summ           Unusable   N/A       N/A         1
 Call Canine Familiar     Summ           Unusable   N/A       N/A         3
 Tukima's Dance           Hex            Unusable   N/A       N/A         3
 Spellforged Servitor     Conj/Summ      Unusable   N/A       N/A         7

Inventory:

Missiles
 k - 3 javelins
 l - 106 large rocks (quivered) {=f}
 P - 5 silver javelins
 R - 3 curare-tipped darts {=f}
Armour
 f - a +2 hat (worn)
 h - +8 gold dragon scales (worn)
 I - the +3 kite shield of the Guild-Master {rPois rF+ Will++ Dex-2}

   Dex:       It affects your dexterity (-2).
   rF:        It protects you from fire.
   rPois:     It protects you from poison.
   Will:      It greatly increases your willpower.
 J - a +2 cloak of stealth (worn)
 T - a +2 tower shield of protection
Jewellery
 i - a +4 ring of slaying
 q - a ring of willpower
 v - a +4 ring of protection (right claw)
 w - an amulet of the acrobat
 y - a ring of see invisible
 F - a ring of fire (left claw)
 H - the ring of Uvuyca {rElec Str+6}

   [ring of strength]

   Str:       It affects your strength (+6).
   rElec:     It insulates you from electricity.
 L - a ring of flight
 M - a ring of ice
 O - an amulet of guardian spirit (around neck)
 S - a ring of protection from cold
Wands
 B - a wand of digging (5)
 D - a wand of paralysis (23)
 G - a wand of roots (24)
 K - a wand of polymorph (5)
 W - a wand of flame (17)
 Z - a wand of light (10)
Scrolls
 d - 5 scrolls of magic mapping
 g - 10 scrolls of teleportation {@r4}
 m - 3 scrolls of poison {!r}
 n - 4 scrolls of fear
 r - 10 scrolls of immolation {!r}
 s - 5 scrolls of enchant weapon
 x - 6 scrolls of noise {!r}
 E - 2 scrolls of vulnerability {!r}
 N - 2 scrolls of torment {!r}
 Y - a scroll of silence {!r}
Potions
 a - 7 potions of attraction {!q}
 c - 7 potions of lignification {!q}
 e - a potion of cancellation
 j - 4 potions of berserk rage {!q}
 o - a potion of mutation {!q}
 p - 14 potions of curing {@q1}
 t - 2 potions of haste {@q3}
 u - a potion of might
 z - 5 potions of resistance
 C - a potion of invisibility
 Q - 8 potions of flight
Miscellaneous
 b - a lightning rod (4/4)
 A - a condenser vane
 U - a tin of tremorstones (2/2)

Dungeon Overview and Level Annotations

Branches:
Dungeon (15/15)            Temple (1/1) D:5            Lair (0/5) D:8
    Orc (0/2) D:10         Vaults (0/5) D:14         Depths (4/4) D:15
   Hell (visited)             Dis (0/7) Hell            Geh (0/7) Hell
    Coc (0/7) Hell            Tar (0/7) Hell            Zot (0/5) Depths:4
  Sewer (visited)          Bailey (visited)

Altars:
Ashenzari
Cheibriados
Dithmenos
Elyvilon
Fedhas
Gozag
Hepliaklqana
Kikubaaqudgha
Makhleb
Nemelex Xobeh
Okawaru
Qazlal
Ru
Sif Muna
Trog
Uskayaw
Vehumet
Wu Jian
Xom
Yredelemnul
Zin
The Shining One

Shops:
D:9 (   D:12 :   D:13 *   D:14 [   Depths:4 *

Portals:
Hell: Depths:1 Depths:2 Depths:3 Depths:4
Abyss: Depths:2 Depths:3 Depths:4
Pandemonium: Depths:2

Annotations:
D:10 exclusion: downstairs

░░░░░░░▒▒▒▒▒▒▒▒▒▒▒▒
,,,,,,,...........▒
,,,,,,,...........▒
,,,,,,,...........▒
,,,,,,,.......62..▒
,,,,,,,.6^▒▒▒▒▒6T.▒
,,░░,,░░,,░,,,▒...▒
░░░░░░░░░░░,,,▒...▒
,,,,,,,,,,░,,,▒...▒
░░░░░░░░░,+░░▒▒...▒
░░░░░░░░░,,,▒▒....▒
,,,,,+,,░░░,▒.....▒
░,,░,░,,,,░,▒▒....▒
,,,,,░,,,,░,▒▒.^..▒


You could see 2 demonspawn warmongers and a reaper.


Message History

You mangle the reaper!!
The reaper is severely wounded.
The demonspawn warmonger hits you from afar with a +0 antimagic bardiche.
* * * LOW HITPOINT WARNING * * *
The demonspawn warmonger hits you with a +2 demon whip of draining!!
* * * LOW HITPOINT WARNING * * *
You feel drained.
* * * LOW HITPOINT WARNING * * *
The demonspawn warmonger claws you but does no damage.
The demonspawn warmonger gores you but does no damage.
Unknown command.
Okay, then.
Okay, then.
Unknown command.
Okay, then.
Here: a reaper, wielding a +1 scythe of freezing (severely wounded)
The floor, spattered with blood.
Okay, then.
You feel yourself speed up.
The demonspawn warmonger hits you but does no damage.
The demonspawn warmonger hits you but does no damage.
You feel drained.
The demonspawn warmonger claws you but does no damage.
The demonspawn warmonger gores you but does no damage.
The reaper hits you with a +1 scythe of freezing.
* * * LOW HITPOINT WARNING * * *
The reaper freezes you.
* * * LOW HITPOINT WARNING * * *
The demonspawn warmonger hits you from afar with a +0 antimagic bardiche!!
You die...

Action                   |  1- 3 |  4- 6 |  7- 9 | 10-12 | 13-15 | 16-18 | 19-21 | 22-24 || total
-------------------------+-------+-------+-------+-------+-------+-------+-------+-------++-------
Melee: Unarmed           |    94 |   176 |   256 |   607 |   714 |   861 |   656 |   316 ||  3680
       Punch             |       |     3 |     8 |    52 |     4 |       |   112 |    51 ||   230
       Headbutt          |       |       |       |       |       |       |       |     7 ||     7
Throw: Javelin           |       |       |     1 |     3 |       |       |       |       ||     4
       Dart              |       |       |       |     4 |       |       |       |       ||     4
       Large rock        |       |       |       |       |    24 |    19 |    16 |    28 ||    87
Invok: Fiery Armour      |       |     1 |     1 |     2 |       |       |       |       ||     4
       Foxfire Swarm     |       |       |     1 |       |       |       |       |       ||     1
       Heroism           |       |       |       |    12 |    48 |    56 |    36 |    16 ||   168
       Finesse           |       |       |       |     1 |     9 |    11 |     8 |       ||    29
Evoke: Wand              |       |       |       |    11 |     2 |     2 |     1 |     1 ||    17
  Use: Scroll            |       |       |     3 |    18 |    13 |     9 |     3 |     5 ||    51
       Potion            |       |       |       |     1 |     2 |    11 |     6 |     6 ||    26
 Stab: Distracted        |       |       |     1 |     1 |       |       |       |     1 ||     3
       Sleeping          |       |       |       |     1 |       |       |       |       ||     1
       Paralysed         |       |       |       |       |       |       |     1 |       ||     1
Armor: Robe              |    35 |    65 |    57 |    12 |       |       |       |       ||   169
       Swamp dragon scal |       |       |       |   273 |    10 |       |       |       ||   283
       Gold dragon scale |       |       |       |       |   212 |   365 |   747 |   296 ||  1620
       Quicksilver drago |       |       |       |       |    29 |       |       |       ||    29
Dodge: Dodged            |    41 |    72 |    70 |   196 |    59 |    83 |   284 |    83 ||   888
Block: Tower shield      |       |       |       |       |   374 |   468 |    12 |       ||   854

Levels and vault maps discovered:
D:1:      arrival_aquarium_b, layout_basic
D:2:      layout_rooms
D:3:      kennysheep_six_static_rooms, layout_basic,
          chequers_temple_overflow_statue_of_worship, gup_sewer_entry_pipe
D:4:      minmay_razor_zed, layout_basic, minmay_snake_closets, uniq_menkaure,
          uniq_pikel, uniq_edmund, uniq_robin
D:5:      layout_rooms, minmay_temple_entry_proselytizer,
          gammafunk_ghost_cemetery
D:6:      minmay_flawed_box, layout_basic, uniq_crazy_yiuf_cottage,
          uniq_eustachio
D:7:      layout_basic
D:8:      layout_cave_pods, mainiacjoe_overflow_tiny_flanked, lair_entry_dummy,
          enter_bailey_6, grunt_decor_cap, uniq_joseph, uniq_maggie,
          uniq_maurice
D:9:      lemuel_bear_cage, layout_basic, serial_shops, kennysheep_little_box
D:10:     lemuel_slime, layout_rooms, tgw_trog, minmay_pinched_square
D:11:     layout_basic
D:12:     layout_gridville, serial_shops, nicolae_shop_hallway_stairs
D:13:     layout_irregular_city, serial_bayou, serial_bayou_lagoon_a,
          serial_bayou_pond_d, serial_bayou_pond_d, serial_bayou_lagoon_b,
          serial_shops, nicolae_shop_overgrown_old_shop, uniq_jorgrun,
          uniq_snorg
D:14:     kennysheep_big_flooded_room, layout_loops_corners, david_vaults_4,
          nicolae_shop_dragon_depot, fedhas_ov_isle_minmay, uniq_louise,
          uniq_josephine, uniq_lodul, uniq_kirke
D:15:     grunt_enter_depths_snipers, layout_cave_pools, good_gods_mini_temple,
          drop_trap, grunt_decor_junction, eat_drink_and_be_merry_uskayaw
Temple:   lightli_temple_of_artemis
Depths:1: layout_gridlike, pf_hell_entry_tar_river,
          serial_sigils_hangedman_scratch, evilmike_ambush
          [evilmike_ambush_outer_basic, evilmike_ambush_inner_pond]
Depths:2: minmay_central_circle, layout_gridville, hangedman_abyss_entry_splay,
          hangedman_geh_valley, rand_demon_pan_entry_4,
          infiniplex_staircase_river
Depths:3: minmay_the_grid_4x2 [minmay_the_grid_artifice,
          minmay_the_grid_outer_circle, minmay_the_grid_stretched_grid,
          minmay_the_grid_expand, minmay_the_grid_minigrid_small,
          minmay_the_grid_zigzag_pyramid, minmay_the_grid_large_cup,
          minmay_the_grid_prize_inner_circle], layout_long_grid, hell_entry,
          abyss_entry, nicolae_vehumet_altar_sigil, beargit_elvish_explorers,
          minmay_staircase_windowed_large
Depths:4: evilmike_zot_entry_diamond, layout_gridlike, enter_ziggurat_c,
          nicolae_hell_entry_big_baal_hell, abyss_entry_small_statue_room,
          uniq_grunn
Hell
Pan:      gammafunk_the_bubble [the_bubble_gammafunk_roulette], layout_gridlike,
          rand_demon_4, layout_pan_divisions_a [pan_division_quadrant_a3,
          pan_division_quadrant_a2, pan_division_quadrant_a3,
          pan_division_quadrant_a2, pan_division_octagon_halves],
          nicolae_pan_sigil_uleosi, evilmike_mini_pan_other_thingy,
          layout_chambers, rand_demon_3, layout_irregular_city,
          pan_blood_fountain, nicolae_pan_lom_lobonic_4, rand_demon_9,
          layout_grid_shapes, pan_blood_fountain, pan_surprise,
          reaverb_pan_chaos_star, regret_index_pan_draining_boxed,
          layout_small_grid, nicolae_pan_cerebovesque_2,
          evilmike_mini_pan_corridor, layout_long_grid,
          evilmike_mini_pan_possible_glass, layout_chambers,
          lemuel_hellion_island, layout_stronghold, pan_captured_pigsty,
          evilmike_mini_pan_other_thingy, layout_chambers, pan_blood_fountain_2,
          nicolae_pan_cerebovesque_3, evilmike_mini_pan_diamond, layout_basic,
          pan_blood_fountain_small, cerebov_st, layout_basic,
          reaverb_pan_squares

Notes
Turn   | Place    | Note
-------+----------+-------------------------------------------
     0 | D:1      | sanka the Troll Cinder Acolyte began the quest for the Orb.
     0 | D:1      | Reached XP level 1. HP: 22/22 MP: 1/1
     3 | D:1      | Noticed an electric eel
     4 | D:1      | Noticed an electric eel
   105 | D:1      | Reached XP level 2. HP: 28/29 MP: 2/2
   304 | D:1      | Reached skill level 4 in Unarmed Combat
   384 | D:1      | Reached XP level 3. HP: 27/36 MP: 3/3
  1055 | D:2      | Reached XP level 4. HP: 44/44 MP: 4/4
  1062 | D:2      | Reached skill level 5 in Unarmed Combat
  1388 | D:3      | Found a sparkling altar of Nemelex Xobeh.
  1388 | D:3      | Found a basalt altar of Yredelemnul.
  1388 | D:3      | Found a white marble altar of Elyvilon.
  1390 | D:3      | Found an opulent altar of Gozag.
  1579 | D:3      | Reached XP level 5. HP: 44/50 MP: 5/5
  1602 | D:3      | Found a glowing drain.
  1623 | Sewer    | Entered a sewer
  1720 | Sewer    | Noticed Pargi
  1725 | Sewer    | Killed Pargi
  1726 | Sewer    | Reached skill level 6 in Unarmed Combat
  2184 | D:4      | Noticed Menkaure
  2197 | D:4      | Killed Menkaure
  2198 | D:4      | Reached skill level 7 in Unarmed Combat
  2198 | D:4      | Reached XP level 6. HP: 59/59 MP: 6/6
  2347 | D:4      | Noticed Robin
  2370 | D:4      | Killed Robin
  2405 | D:4      | Reached skill level 8 in Unarmed Combat
  2556 | D:4      | Noticed Pikel
  2583 | D:5      | Entered Level 5 of the Dungeon
  2642 | D:4      | Killed Pikel
  2643 | D:4      | Reached skill level 9 in Unarmed Combat
  2643 | D:4      | Reached XP level 7. HP: 38/66 MP: 7/7
  2648 | D:4      | Reached XP level 8. HP: 44/74 MP: 8/8
  2730 | D:4      | Reached skill level 10 in Unarmed Combat
  2905 | D:4      | Noticed Edmund
  2919 | D:4      | Killed Edmund
  3049 | D:4      | Reached skill level 3 in Fighting
  3518 | D:5      | Found a runed translucent gate.
  3519 | D:5      | Found a runed translucent gate.
  3519 | D:5      | Found a runed translucent gate.
  3520 | D:5      | Noticed MoonlitKnight's ghost (novice KoBr)
  3520 | D:5      | Noticed Flugkiller's ghost (novice MiFi)
  3521 | D:5      | Noticed enotiy's ghost (novice MiBe)
  3577 | D:5      | Found a staircase to the Ecumenical Temple.
  3599 | Temple   | Entered the Ecumenical Temple
  3717 | D:5      | Reached skill level 4 in Fighting
  3981 | D:6      | Identified the +0 robe of the Aged Spreadsheets {Harm
                  | rPois}
  4017 | D:6      | Reached skill level 11 in Unarmed Combat
  4079 | D:6      | Reached XP level 9. HP: 58/85 MP: 9/9
  4194 | D:6      | Reached skill level 5 in Fighting
  4335 | D:6      | Noticed Eustachio
  4534 | D:6      | Found a runed translucent door.
  4535 | D:6      | Noticed Crazy Yiuf
  4729 | D:6      | Killed Crazy Yiuf
  4947 | D:6      | Killed Eustachio
  5247 | D:7      | Reached skill level 6 in Fighting
  5575 | D:8      | Noticed a two-headed ogre
  5583 | D:8      | Killed a two-headed ogre
  5584 | D:8      | Reached skill level 12 in Unarmed Combat
  5604 | D:8      | Noticed Joseph
  5615 | D:8      | Killed Joseph
  5616 | D:8      | Reached XP level 10. HP: 67/100 MP: 10/10
  5656 | D:8      | Noticed Maurice
  5668 | D:8      | Killed Maurice
  5669 | D:8      | Reached skill level 7 in Fighting
  5847 | D:8      | Found a staircase to the Lair.
  5875 | D:8      | Identified +0 swamp dragon scales
  5875 | D:8      | Noticed Maggie
  5886 | D:8      | Killed Maggie
  5934 | D:8      | Found a flagged portal.
  5958 | Bailey   | Entered a bailey
  6043 | Bailey   | Reached skill level 13 in Unarmed Combat
  6072 | Bailey   | Reached skill level 1 in Armour
  6122 | Bailey   | Noticed an orc sorcerer
  6130 | Bailey   | Killed an orc sorcerer
  6253 | Bailey   | Reached skill level 2 in Armour
  6363 | Bailey   | Reached skill level 8 in Fighting
  6400 | Bailey   | Noticed an orc knight
  6413 | Bailey   | Killed an orc knight
  6465 | Bailey   | Acquired an amulet of guardian spirit
  6508 | Bailey   | Found an iron altar of Okawaru.
  6519 | Bailey   | Reached skill level 3 in Armour
  6575 | Bailey   | Acquired a manual of Unarmed Combat
  6589 | Bailey   | Identified the +3 robe "Uliuf" {-Cast rF+++ rCorr Str+3}
  6850 | D:8      | Found a blossoming altar of Fedhas.
  7341 | Temple   | Fell from the grace of Ignis
  7341 | Temple   | Became a worshipper of Warmaster Okawaru
  7508 | D:9      | Found Lunen's Weapon Shop.
  7515 | D:9      | Identified the +6 mace of the Reaper {vorpal, rN+ Int-3
                  | Stlth+}
  7529 | D:9      | Reached skill level 1 in Invocations
  7607 | D:9      | Found a huge runed translucent gate.
  7608 | D:9      | Found a huge runed translucent gate.
  7609 | D:9      | Found a huge runed translucent gate.
  7615 | D:9      | Reached XP level 11. HP: 108/113 MP: 9/11
  7770 | D:9      | Found a huge runed translucent gate.
  7991 | D:10     | Entered Level 10 of the Dungeon
  7995 | D:10     | Reached * piety under Okawaru
  8210 | D:10     | Reached skill level 2 in Invocations
  8317 | D:10     | Reached skill level 14 in Unarmed Combat
  8330 | D:10     | Reached ** piety under Okawaru
  8337 | D:10     | Reached skill level 4 in Armour
  8484 | D:10     | Reached skill level 3 in Invocations
  8565 | D:10     | Identified the +11 spear of Quick Death {drain, rCorr}
  9024 | D:10     | Found a staircase to the Orcish Mines.
  9077 | D:10     | Found a bloodstained altar of Trog.
  9190 | D:11     | Noticed a two-headed ogre
  9202 | D:11     | Killed a two-headed ogre
  9203 | D:11     | Reached skill level 9 in Fighting
  9203 | D:11     | Reached skill level 4 in Invocations
  9417 | D:11     | Identified +0 acid dragon scales
  9530 | D:11     | Reached *** piety under Okawaru
  9593 | D:11     | Noticed a boulder beetle
  9604 | D:11     | Killed a boulder beetle
  9605 | D:11     | Reached skill level 5 in Armour
  9659 | D:11     | Was forgiven by Ignis
 10058 | D:12     | Reached skill level 15 in Unarmed Combat
 10192 | D:12     | Noticed a purple ugly thing
 10203 | D:12     | Killed a purple ugly thing
 10228 | D:12     | Noticed a white ugly thing
 10237 | D:12     | Killed a white ugly thing
 10237 | D:12     | Reached **** piety under Okawaru
 10379 | D:12     | Found Tafug's Book Boutique.
 10406 | D:12     | Noticed a two-headed ogre
 10413 | D:12     | Killed a two-headed ogre
 10414 | D:12     | Reached XP level 12. HP: 123/124 MP: 14/14
 10678 | D:12     | Reached skill level 6 in Armour
 10985 | D:13     | Received a gift from Okawaru
 11028 | D:13     | Noticed Snorg
 11045 | D:13     | Killed Snorg
 11046 | D:13     | Reached skill level 16 in Unarmed Combat
 11085 | D:13     | Identified the +10 dagger of Shame {elec, Contam rF+ rCorr
                  | Str+3}
 11160 | D:13     | Reached skill level 10 in Fighting
 11214 | D:13     | Acquired 839 gold pieces
 11216 | D:13     | Acquired a +2 tower shield of protection
 11272 | D:13     | Noticed a centaur warrior
 11284 | D:13     | Killed a centaur warrior
 11285 | D:13     | Reached skill level 1 in Shields
 11347 | D:13     | Reached skill level 2 in Shields
 11386 | D:13     | Reached ***** piety under Okawaru
 11446 | D:13     | Reached skill level 3 in Shields
 11446 | D:13     | Reached skill level 17 in Unarmed Combat
 11709 | D:9      | Reached skill level 4 in Shields
 11903 | D:13     | Found Usiwew's Assorted Antiques.
 11907 | D:13     | Noticed a centaur warrior
 11921 | D:13     | Killed a centaur warrior
 12023 | D:13     | Noticed a centaur warrior
 12037 | D:13     | Killed a centaur warrior
 12037 | D:13     | Received a gift from Okawaru
 12038 | D:13     | Reached skill level 5 in Shields
 12038 | D:13     | Reached skill level 18 in Unarmed Combat
 12248 | D:13     | Reached XP level 13. HP: 129/133 MP: 15/15
 12259 | D:13     | Reached ****** piety under Okawaru
 12294 | D:13     | Noticed Jorgrun
 12630 | D:14     | Noticed a fire dragon
 12645 | D:14     | Killed a fire dragon
 12715 | D:14     | Found a blossoming altar of Fedhas.
 12777 | D:14     | Acquired the quicksilver dragon scales of the Dropbear {rC+
                  | Will+ Str+2 Int+3 Dex-3}
 12842 | D:14     | Noticed Kirke
 12860 | D:14     | Killed Kirke
 12861 | D:14     | Noticed Josephine
 12876 | D:14     | Killed Josephine
 12877 | D:14     | Reached skill level 6 in Shields
 12886 | D:14     | Received a gift from Okawaru
 12965 | D:14     | Found a gate to the Vaults.
 13030 | D:14     | Noticed Lodul
 13035 | D:14     | Killed Lodul
 13044 | D:14     | Reached skill level 19 in Unarmed Combat
 13060 | D:14     | Identified the +2 robe "Qic Nobuoq" {rElec rC+ Int-3
                  | Stlth+} (Okawaru gifted it to you on level 14 of the
                  | Dungeon)
 13060 | D:14     | Received a gift from Okawaru
 13076 | D:14     | Reached skill level 7 in Shields
 13366 | D:14     | Noticed Louise
 13399 | D:14     | Killed Louise
 13536 | D:14     | Found Indra's Dragon-Slaying Spoils.
 13544 | D:14     | Bought +2 gold dragon scales for 1380 gold pieces
 13877 | D:15     | Entered Level 15 of the Dungeon
 13974 | D:15     | Reached skill level 8 in Shields
 14284 | D:15     | Found a glowing golden altar of the Shining One.
 14284 | D:15     | Found a white marble altar of Elyvilon.
 14284 | D:15     | Found a glowing silver altar of Zin.
 14352 | D:15     | Found a hide-covered altar of Uskayaw.
 14505 | D:15     | Found a staircase to the Depths.
 14505 | D:15     | Noticed a stone giant
 14521 | D:15     | Killed a stone giant
 14621 | Depths:1 | Entered Level 1 of the Depths
 14621 | Depths:1 | Noticed a frost giant
 14621 | Depths:1 | Noticed a stone giant
 14621 | Depths:1 | Noticed a tengu reaver
 14621 | Depths:1 | Noticed a stone giant
 14621 | Depths:1 | Noticed a shadow dragon
 14621 | Depths:1 | Noticed an iron dragon
 14622 | Depths:1 | Noticed a frost giant
 14623 | Depths:1 | Noticed a tengu reaver
 14629 | D:15     | Reached skill level 20 in Unarmed Combat
 14686 | Depths:1 | Found a gateway to Hell.
 14700 | Depths:1 | Noticed an ettin
 14710 | Depths:1 | Received a gift from Okawaru
 14744 | Depths:1 | Killed a shadow dragon
 14745 | Depths:1 | Reached XP level 14. HP: 96/137 MP: 8/16
 14756 | Depths:1 | Killed a frost giant
 14834 | Depths:1 | Noticed a stone giant
 14853 | Depths:1 | Killed a stone giant
 14854 | Depths:1 | Reached skill level 5 in Invocations
 14889 | Depths:1 | Killed a tengu reaver
 14894 | Depths:1 | Killed a tengu reaver
 15155 | Depths:1 | Killed a frost giant
 15221 | Depths:1 | Killed an iron dragon
 15221 | Depths:1 | Received a gift from Okawaru
 15222 | Depths:1 | Reached skill level 21 in Unarmed Combat
 15350 | Depths:1 | Reached skill level 6 in Invocations
 15449 | Depths:1 | Noticed a stone giant
 15476 | Depths:1 | Killed a stone giant
 15534 | Depths:1 | Killed a stone giant
 15940 | Depths:1 | Noticed a purple very ugly thing
 15952 | Depths:1 | Killed a purple very ugly thing
 16071 | Depths:1 | Identified the ring of Uvuyca {rElec Str+6}
 16111 | Depths:1 | Reached skill level 22 in Unarmed Combat
 16116 | Depths:1 | Reached skill level 7 in Invocations
 16186 | Depths:1 | Reached XP level 15. HP: 130/144 MP: 13/19
 16408 | Depths:1 | Reached skill level 8 in Invocations
 16696 | Depths:1 | Reached skill level 9 in Invocations
 16725 | Depths:1 | Identified the +0 hat of Muttered Phrases {*Corrode +Inv
                  | Stlth+} (Okawaru gifted it to you on level 1 of the Depths)
 16725 | Depths:1 | Received a gift from Okawaru
 16777 | Depths:1 | Noticed a fire giant
 16796 | Depths:1 | Killed a fire giant
 16850 | Depths:1 | Noticed a lich
 16863 | Depths:1 | Killed a lich
 16876 | Depths:1 | Reached skill level 10 in Invocations
 17946 | Depths:2 | Noticed a fire giant
 17954 | Depths:2 | Killed a fire giant
 17956 | Depths:2 | Noticed a fire giant
 17995 | Depths:2 | Killed a fire giant
 17996 | Depths:2 | Reached skill level 11 in Invocations
 18184 | Depths:2 | Noticed a sphinx
 18184 | Depths:2 | Noticed a titan
 18184 | Depths:2 | Noticed a lich
 18196 | Depths:2 | Killed a lich
 18201 | Depths:2 | Killed a sphinx
 18206 | Depths:2 | Killed a titan
 18206 | Depths:2 | Received a gift from Okawaru
 18207 | Depths:2 | Reached skill level 12 in Invocations
 18222 | Depths:2 | Noticed a caustic shrike
 18236 | Depths:2 | Noticed a fire giant
 18237 | Depths:2 | Killed a caustic shrike
 18267 | Depths:2 | Identified +0 ice dragon scales
 18272 | Depths:2 | Killed a fire giant
 18272 | Depths:2 | Identified the +8 hand crossbow of Loptalos {vorpal, rN+
                  | Will+ Dex-2} (Okawaru gifted it to you on level 2 of the
                  | Depths)
 18272 | Depths:2 | Received a gift from Okawaru
 18274 | Depths:2 | Noticed a fire giant
 18282 | Depths:2 | Noticed a tentacled monstrosity
 18290 | Depths:2 | Killed a fire giant
 18304 | Depths:2 | Killed a tentacled monstrosity
 18305 | Depths:2 | Noticed a frost giant
 18383 | Depths:2 | Killed a frost giant
 18384 | Depths:2 | Reached XP level 16. HP: 145/158 MP: 19/24
 18400 | Depths:2 | Reached skill level 7 in Armour
 18425 | Depths:2 | Noticed a tentacled monstrosity
 18438 | Depths:2 | Killed a tentacled monstrosity
 18439 | Depths:2 | Reached skill level 9 in Shields
 18485 | Depths:2 | Reached skill level 1 in Throwing
 18492 | Depths:2 | Reached skill level 1 in Dodging
 18501 | Depths:2 | Identified the +1 ring mail of Sif Muna's Envy {rCorr}
 18713 | Depths:2 | Noticed a sphinx
 18714 | Depths:2 | Paralysed by a sphinx for 3 turns
 18719 | Depths:2 | Paralysed by a sphinx for 2 turns
 18731 | Depths:2 | Killed a sphinx
 18732 | Depths:2 | Reached skill level 2 in Throwing
 18758 | Depths:2 | Noticed a sphinx
 18770 | Depths:2 | Noticed a storm dragon
 18772 | Depths:2 | Killed a sphinx
 18789 | Depths:2 | Killed a storm dragon
 18789 | Depths:2 | Identified +0 storm dragon scales
 18790 | Depths:2 | Reached skill level 2 in Dodging
 18875 | Depths:2 | Identified 4 potions of resistance
 19131 | Depths:2 | Found a one-way gate to the infinite horrors of the Abyss.
 19214 | Depths:2 | Identified +0 fire dragon scales
 19380 | Depths:2 | Identified +0 ice dragon scales
 19414 | Depths:2 | Found a one-way gate leading to the halls of Pandemonium.
 19449 | Depths:2 | Noticed a walking earthen tome
 19475 | Depths:2 | Killed a walking earthen tome
 19476 | Depths:2 | Reached skill level 3 in Throwing
 19820 | Depths:2 | Noticed a lich
 19827 | Depths:2 | Killed a lich
 19943 | Depths:3 | Reached skill level 3 in Dodging
 19975 | Depths:3 | Noticed a hellephant
 19975 | Depths:3 | Identified the +8 longbow of the Forsaken Friars {speed,
                  | Int+5}
 19975 | Depths:3 | Noticed a deep elf master archer
 19975 | Depths:3 | Identified the +5 shadow dragon scales of Contentment
                  | {Dex+3 Stlth++++}
 19975 | Depths:3 | Noticed a deep elf blademaster
 19975 | Depths:3 | Noticed a doom hound
 19987 | Depths:3 | Noticed a Tzitzimitl
 20005 | Depths:3 | Noticed a Tzitzimitl
 20008 | Depths:2 | HP: 10/135 [Tzitzimitl/bolt of negative energy[a doom
                  | hound] (33)]
 20181 | Depths:2 | Killed a Tzitzimitl
 20186 | Depths:2 | Identified the +6 executioner's axe "Worm" {spect, rElec
                  | rF+ rC+ Stlth+} (Okawaru gifted it to you on level 2 of the
                  | Depths)
 20186 | Depths:2 | Received a gift from Okawaru
 20368 | Depths:2 | Found a one-way gate to the infinite horrors of the Abyss.
 20774 | Depths:2 | Found a one-way gate leading to the halls of Pandemonium.
 20926 | Depths:2 | Killed a deep elf blademaster
 20947 | Depths:3 | Killed a doom hound
 21098 | Depths:3 | Found a radiant altar of Vehumet.
 21132 | Depths:3 | Reached skill level 8 in Armour
 21226 | Depths:3 | Noticed a shadow dragon
 21246 | Depths:3 | Killed a shadow dragon
 21300 | Depths:3 | Reached skill level 4 in Throwing
 21430 | Depths:3 | Reached skill level 10 in Shields
 21449 | Depths:3 | Noticed a golden dragon
 21460 | Depths:3 | Killed a golden dragon
 21460 | Depths:3 | Received a gift from Okawaru
 21470 | Depths:3 | Noticed a walking earthen tome
 21502 | Depths:3 | Killed a walking earthen tome
 21503 | Depths:3 | Reached skill level 4 in Dodging
 21532 | Depths:3 | Noticed a juggernaut
 21548 | Depths:3 | Killed a juggernaut
 21548 | Depths:3 | Received a gift from Okawaru
 21618 | Depths:2 | Reached skill level 11 in Fighting
 21692 | Depths:3 | Reached XP level 17. HP: 156/170 MP: 23/25
 21699 | Depths:3 | Reached skill level 5 in Throwing
 21793 | Depths:3 | Noticed a lich
 21807 | Depths:3 | Paralysed by a vampire knight for 4 turns
 21941 | Depths:2 | Identified the +3 robe of Ungiwn {Rampage rN+} (Okawaru
                  | gifted it to you on level 2 of the Depths)
 21941 | Depths:2 | Received a gift from Okawaru
 21986 | Depths:3 | Killed a lich
 22042 | Depths:3 | Identified +0 fire dragon scales
 22124 | Depths:3 | Noticed a juggernaut
 22125 | Depths:3 | Noticed a lich
 22149 | Depths:3 | Reached skill level 5 in Dodging
 22197 | Depths:3 | Killed a Tzitzimitl
 22299 | Depths:3 | Reached skill level 9 in Armour
 22320 | Depths:3 | Reached skill level 6 in Throwing
 22473 | Depths:3 | Killed a lich
 22515 | Depths:3 | Reached skill level 6 in Dodging
 22635 | Depths:3 | Noticed a lich
 22639 | Depths:3 | Killed a lich
 22787 | Depths:3 | Killed a hellephant
 22787 | Depths:3 | Received a gift from Okawaru
 22791 | Depths:3 | Killed a deep elf master archer
 22792 | Depths:3 | Reached skill level 7 in Throwing
 22879 | Depths:3 | Noticed a hellephant
 22906 | Depths:3 | Killed a hellephant
 23196 | Depths:3 | Got More Spellcraft
 23343 | Depths:3 | Found a radiant altar of Vehumet.
 23492 | Depths:3 | Killed a juggernaut
 23493 | Depths:3 | Reached skill level 12 in Fighting
 23924 | Depths:4 | Entered Level 4 of the Depths
 24225 | Depths:4 | Noticed a golden dragon
 24238 | Depths:3 | Killed a golden dragon
 24239 | Depths:3 | Reached XP level 18. HP: 175/182 MP: 22/26
 24270 | Depths:4 | Reached skill level 10 in Armour
 24418 | Depths:4 | Reached skill level 7 in Dodging
 24440 | Depths:4 | Found a one-way gateway to a ziggurat.
 24480 | Depths:4 | Found Big Baal Hell's Store.
 24656 | Depths:4 | Noticed a golden dragon
 24700 | Depths:3 | Reached skill level 8 in Throwing
 24789 | Depths:4 | Killed a golden dragon
 24822 | Depths:4 | Found a gate to the Realm of Zot.
 25307 | Depths:4 | Noticed a juggernaut
 25317 | Depths:4 | Killed a juggernaut
 25420 | Depths:4 | Noticed a doom hound
 25427 | Depths:4 | Noticed a Tzitzimitl
 25434 | Depths:4 | Noticed a doom hound
 25435 | Depths:4 | Killed a doom hound
 25437 | Depths:4 | Noticed a bone dragon
 25444 | Depths:4 | Killed a Tzitzimitl
 25459 | Depths:4 | Noticed a bone dragon
 25463 | Depths:4 | Killed a bone dragon
 25463 | Depths:4 | Received a gift from Okawaru
 25466 | Depths:4 | Noticed a Tzitzimitl
 25475 | Depths:4 | Noticed a Tzitzimitl
 25485 | Depths:3 | Killed a Tzitzimitl
 25614 | Depths:4 | Killed a Tzitzimitl
 25621 | Depths:4 | Noticed a doom hound
 25623 | Depths:4 | Killed a bone dragon
 25626 | Depths:4 | Noticed Grunn
 25629 | Depths:4 | Killed a doom hound
 25633 | Depths:4 | Killed a doom hound
 25948 | Depths:4 | Reached skill level 8 in Dodging
 25957 | Depths:4 | Killed Grunn
 26524 | D:5      | Killed Flugkiller's ghost
 26528 | D:5      | Killed enotiy's ghost
 26530 | D:5      | Killed MoonlitKnight's ghost
 26762 | D:13     | Killed Jorgrun
 26763 | D:13     | Reached skill level 9 in Throwing
 26997 | Zig:1    | Entered Level 1 of a ziggurat
 27015 | Zig:2    | Entered Level 2 of a ziggurat
 27045 | Zig:3    | Entered Level 3 of a ziggurat
 27048 | Zig:3    | Noticed a bone dragon
 27048 | Zig:3    | Identified a potion of experience
 27084 | Zig:3    | Killed a bone dragon
 27145 | Zig:3    | Reached skill level 13 in Fighting
 27145 | Zig:3    | Reached skill level 11 in Armour
 27145 | Zig:3    | Reached XP level 19. HP: 178/178 MP: 27/27
 27152 | Zig:4    | Entered Level 4 of a ziggurat
 27176 | Zig:4    | Received a gift from Okawaru
 27304 | Zig:5    | Entered Level 5 of a ziggurat
 27309 | Zig:5    | Noticed a bone dragon
 27342 | Zig:5    | Killed a bone dragon
 27365 | Zig:5    | Found the ring of Shadows {Umbra +Inv Stlth+}
 27384 | Zig:5    | Got Sif Muna's Lectures on Envenoming
 27506 | Zig:6    | Entered Level 6 of a ziggurat
 27591 | Zig:6    | Identified the +7 shortbow of Fucy {venom, rElec rC+ Str-4
                  | Dex+4}
 27604 | Zig:7    | Entered Level 7 of a ziggurat
 27643 | Zig:7    | Identified the +5 short sword "Fifeit" {drain, Str+2}
                  | (Okawaru gifted it to you on level 7 of a ziggurat)
 27643 | Zig:7    | Received a gift from Okawaru
 27825 | Zig:7    | Reached skill level 10 in Throwing
 27825 | Zig:7    | Reached skill level 9 in Dodging
 27825 | Zig:7    | Reached XP level 20. HP: 191/191 MP: 28/28
 27886 | Hell     | Entered the Vestibule of Hell
 27886 | Hell     | Noticed Geryon
 27961 | Depths:3 | Reached XP level 21. HP: 200/201 MP: 27/29
 28420 | Depths:1 | Received a gift from Okawaru
 28762 | Hell     | Killed Geryon
 29034 | Depths:1 | Reached skill level 12 in Armour
 29604 | Hell     | Found a gateway to the decaying netherworld of Tartarus.
 29728 | Hell     | Found a gateway to the Iron City of Dis.
 29746 | Hell     | Reached skill level 10 in Dodging
 29809 | Hell     | Reached skill level 14 in Fighting
 29813 | Hell     | Reached skill level 11 in Throwing
 29935 | Hell     | Found a gateway to the ashen valley of Gehenna.
 30045 | Hell     | Found a gateway to the freezing wastes of Cocytus.
 30244 | Pan      | Entered Pandemonium
 30926 | Pan      | Gained mutation: You occasionally shout uncontrollably at
                  | your foes. [a cacodemon]
 30928 | Pan      | Gained mutation: Potions are less effective at restoring
                  | your health. [a cacodemon]
 31225 | Pan      | Lost mutation: You occasionally shout uncontrollably at
                  | your foes. [a cacodemon]
 31240 | Pan      | Found a runed translucent door.
 31275 | Pan      | Received a gift from Okawaru
 31445 | Pan      | Noticed Romnoul the pandemonium lord
 31456 | Pan      | Killed Romnoul the pandemonium lord
 31456 | Pan      | Identified the +8 quarterstaff of Cowardice {freeze, *Noise
                  | rCorr MP+9 Str+2} (Okawaru gifted it to you in Pandemonium)
 31456 | Pan      | Received a gift from Okawaru
 31457 | Pan      | Reached skill level 12 in Throwing
 31460 | Pan      | Reached skill level 13 in Armour
 31588 | Pan      | Noticed Masoor the pandemonium lord
 31588 | Pan      | Found a runed translucent door.
 31604 | Pan      | HP: 15/215 [reaper/+4 scythe of protection (18)]
 31738 | Pan      | Gained mutation: Armour fits poorly on your strangely
                  | shaped body. [a cacodemon]
 31924 | Pan      | Gained mutation: Your body sometimes deteriorates upon
                  | taking damage. [a neqoxec]
 31927 | Pan      | Gained mutation: Your body often deteriorates upon taking
                  | damage. [a neqoxec]
 31940 | Pan      | Lost mutation: Armour fits poorly on your strangely shaped
                  | body. [potion of mutation]
 31940 | Pan      | Lost mutation: Your body often deteriorates upon taking
                  | damage. [potion of mutation]
 31940 | Pan      | Lost mutation: Your body sometimes deteriorates upon taking
                  | damage. [potion of mutation]
 31940 | Pan      | Gained mutation: You are clumsy. (Dex -2) [potion of
                  | mutation]
 31940 | Pan      | Gained mutation: You have a pair of small horns on your
                  | head. [potion of mutation]
 32008 | Pan      | Killed Masoor the pandemonium lord
 32009 | Pan      | Reached XP level 22. HP: 110/226 MP: 0/30
 32174 | Pan      | Gained mutation: You are very clumsy. (Dex -4) [a neqoxec]
 32201 | Pan      | Gained mutation: You are weak. (Str -2) [a cacodemon]
 32205 | Pan      | Gained mutation: Armour fits poorly on your strangely
                  | shaped body. [a cacodemon]
 32225 | Pan      | Reached skill level 15 in Fighting
 32369 | Pan      | Lost mutation: Armour fits poorly on your strangely shaped
                  | body. [potion of mutation]
 32369 | Pan      | Lost mutation: Potions are less effective at restoring your
                  | health. [potion of mutation]
 32369 | Pan      | Lost mutation: You have a pair of small horns on your head.
                  | [potion of mutation]
 32369 | Pan      | Gained mutation: You are partially covered in iridescent
                  | scales. (AC +2) [potion of mutation]
 32369 | Pan      | Gained mutation: You sometimes lose your temper in combat.
                  | [potion of mutation]
 32370 | Pan      | Lost mutation: You are very clumsy. (Dex -4) [potion of
                  | mutation]
 32370 | Pan      | Lost mutation: You sometimes lose your temper in combat.
                  | [potion of mutation]
 32370 | Pan      | Gained mutation: Your system is resistant to poisons.
                  | (rPois) [potion of mutation]
 32370 | Pan      | Gained mutation: You are dopey. (Int -2) [potion of
                  | mutation]
 32370 | Pan      | Gained mutation: Your flesh is heat resistant. (rF+)
                  | [potion of mutation]
 32690 | Pan      | Found an exit through the horrors of the Abyss.
 32700 | Pan      | Received a gift from Okawaru
 33193 | Pan      | Got a demonic rune of Zot
 33316 | Pan      | Reached skill level 13 in Throwing
 33334 | Pan      | Gained mutation: Your body sometimes deteriorates upon
                  | taking damage. [a neqoxec]
 33478 | Pan      | Acquired the +3 kite shield of the Guild-Master {rPois rF+
                  | Will++ Dex-2}
 33741 | Pan      | Received a gift from Okawaru
 33785 | Pan      | Noticed Kuastur the pandemonium lord
 34034 | Pan      | Found an exit through the horrors of the Abyss.
 34092 | Pan      | Reached skill level 14 in Armour
 34116 | Pan      | Received a gift from Okawaru
 34292 | Pan      | Gained mutation: You occasionally shout uncontrollably at
                  | your foes. [a cacodemon]
 34312 | Pan      | Gained mutation: You occasionally lose the ability to read
                  | scrolls when taking damage. [a cacodemon]
 34325 | Pan      | Lost mutation: Your system is resistant to poisons. (rPois)
                  | [potion of mutation]
 34325 | Pan      | Lost mutation: You occasionally shout uncontrollably at
                  | your foes. [potion of mutation]
 34325 | Pan      | Lost mutation: You are dopey. (Int -2) [potion of mutation]
 34326 | Pan      | Lost mutation: You occasionally lose the ability to read
                  | scrolls when taking damage. [potion of mutation]
 34326 | Pan      | Lost mutation: You are weak. (Str -2) [potion of mutation]
 34326 | Pan      | Gained mutation: Your spells are a little harder to cast,
                  | but a little more powerful. [potion of mutation]
 34326 | Pan      | Gained mutation: You have a somewhat thin skeletal
                  | structure. (Dex +2, Stealth+) [potion of mutation]
 34326 | Pan      | Gained mutation: You are dopey. (Int -2) [potion of
                  | mutation]
 34441 | Pan      | Noticed Dysir the pandemonium lord
 34613 | Pan      | Entered the realm of Cerebov.
 34804 | Pan      | HP: 19/204 [demonspawn warmonger/+2 demon whip of draining
                  | (23)]
 34805 | Pan      | Mangled by a demonspawn warmonger

Vanquished Creatures
  2 pandemonium lords (Pan)
  3 juggernauts
  A caustic shrike (Depths:2)
  3 golden dragons
  Geryon (Hell)
  4 bone dragons
  4 doom hounds
  3 Brimstone Fiends (Pan)
  6 Tzitzimimeh
  2 hellephants (Depths:3)
  2 tentacled monstrosities (Depths:2)
  3 Ice Fiends (Pan)
  2 walking earthen tomes
  Jorgrun (D:13)
  7 searing wretches
  A deep elf blademaster (Depths:2)
  A titan (Depths:2)
  7 liches
  Grunn (Depths:4)
  A deep elf master archer (Depths:3)
  3 sphinxes (Depths:2)
  5 Executioners (Pan)
  Kirke (D:14)
  4 ancient champions
  3 tengu reavers
  2 shadow dragons
  2 draconian monks (Depths:3)
  2 demonspawn warmongers (Pan)
  A storm dragon (Depths:2)
  2 revenants
  8 frost giants
  9 fire giants
  3 spectral caustic shrikes (Depths:1)
  An iron dragon (Depths:1)
  10 cacodemons (Pan)
  Louise (D:14)
  5 ghost moths (Pan)
  6 balrugs
  19 very ugly things
  A spriggan defender (Depths:2)
  A war gargoyle (Depths:1)
  2 demonspawn corrupters (Pan)
  13 reapers
  2 lorocyprocas (Pan)
  6 demonspawn blood saints (Pan)
  16 stone giants
  11 vampire knights
  3 demonspawn black suns (Pan)
  An entropy weaver (Zig:2)
  3 spark wasps
  2 putrid mouths
  A purple draconian (Depths:3)
  A white draconian (Depths:3)
  Snorg (D:13)
  3 crystal guardians (Depths:3)
  7 eidola
  4 ettins
  A yellow draconian (Depths:4)
  An iron golem (Depths:1)
  16 blizzard demons
  8 fire dragons
  3 green deaths
  A deep elf death mage (Zig:7)
  Josephine (D:14)
  2 hell beasts (Pan)
  5 rakshasas
  A great orb of eyes (shapeshifter) (Depths:2)
  2 salamander tyrants
  9 ice dragons
  10 spriggan air magi
  A naga warrior (Zig:4)
  A stoker (Depths:1)
  A boulder beetle (D:11)
  4 centaur warriors (D:13)
  An alligator (shapeshifter) (Depths:3)
  3 two-headed ogres
  6 tengu warriors
  2 vampire magi
  6 deep troll shamans
  3 deep troll earth magi
  3 hell hogs
  A shock serpent (Zig:4)
  6 holy swine (Pan)
  11 spriggan berserkers
  6 hell knights (Depths:3)
  30 sun demons
  9 soul eaters
  12 iron trolls
  A shadow wraith (Zig:6)
  13 shadow demons (Pan)
  Lodul (D:14)
  An anaconda zombie (Hell)
  A salamander mystic (Depths:4)
  7 skeletal warriors
  16 deep trolls
  8 sixfirhies (Pan)
  2 wizards
  4 glowing orange brains
  Pikel (D:4)
  An anaconda skeleton (Hell)
  A necromancer (Depths:3)
  9 phantasmal warriors
  2 flayed ghosts
  2 deep elf pyromancers
  4 manticores
  An orc knight (Bailey)
  An orc sorcerer (Bailey)
  A cyclops (shapeshifter) (Depths:4)
  17 ugly things
  8 cyclopes
  4 salamanders (Depths:4)
  A moth of wrath (shapeshifter) (Depths:2)
  A naga mage (Zig:4)
  A moth of wrath (D:10)
  Joseph (D:8)
  3 rust devils
  2 ice statues (Hell)
  The ghost of enotiy the Chopper, a novice MiBe of Trog (D:5)
  A black mamba (Zig:4)
  Maurice (D:8)
  The ghost of Flugkiller the Chopper, a novice MiFi of Okawaru (D:5)
  4 smoke demons (Pan)
  A black mamba (shapeshifter) (D:10)
  14 orange demons (Pan)
  2 gargoyles (D:13)
  2 unseen horrors
  5 hellions
  4 large abominations
  5 demonic crawlers
  A tormentor (Depths:4)
  A sea snake zombie (Hell)
  2 freezing wraiths (Depths:1)
  Maggie (D:8)
  The ghost of MoonlitKnight the Slicer, a novice KoBr (D:5)
  A kobold demonologist (Bailey)
  A komodo dragon (D:12)
  5 yaktaurs (D:15)
  An efreet (Pan)
  3 ice devils
  3 tengu conjurers
  7 trolls
  3 hellwings (Pan)
  A queen bee (shapeshifter) (Depths:4)
  A meliai (shapeshifter) (D:15)
  7 hornets
  A sea snake skeleton (Hell)
  2 red devils (Pan)
  A hydra skeleton (Hell)
  4 hydra zombies (Hell)
  2 polar bears (D:9)
  A tarantella (Zig:2)
  2 slime creatures
  An alligator zombie (Hell)
  An iron dragon simulacrum (Hell)
  A dream sheep (D:9)
  A jumping spider (Zig:2)
  7 spriggans
  A vampire (D:11)
  2 ynoxinuls (Pan)
  An alligator skeleton (Hell)
  3 wyverns
  13 fire elementals
  4 wraiths (D:14)
  Eustachio (D:6)
  8 water elementals
  5 hogs
  12 yaks
  5 humans (D:14)
  3 basilisks
  5 vampire mosquitoes
  15 chaos spawn (Pan)
  10 neqoxecs (Pan)
  Edmund (D:4)
  Menkaure (D:4)
  A water moccasin (D:8)
  A naga (Zig:4)
  A hydra simulacrum (Hell)
  5 hell hounds
  11 orc warriors
  2 acid dragons
  4 black bears
  3 ice beasts
  3 sky beasts
  Pargi (Sewer)
  2 wolves (D:9)
  9 starcursed masses (Zig:3)
  6 boggarts
  7 ogres
  A lemure (D:5)
  A phantom (D:4)
  10 centaurs
  3 kobold brigands
  A gnoll sergeant (D:6)
  5 scorpions
  A scorpion (shapeshifter) (Depths:2)
  4 wights (D:9)
  5 killer bees (D:9)
  6 howler monkeys
  11 electric eels
  3 crimson imps (Pan)
  8 jellies
  Crazy Yiuf (D:6)
  A gnoll bouda (D:7)
  4 orc priests
  2 hounds
  3 iguanas
  16 orc wizards
  A boggart simulacrum (D:15)
  Robin (D:4)
  11 gnolls
  15 adders
  2 shadow imps
  2 white imps
  4 worms
  6 dart slugs
  40 orcs
  19 endoplasms
  7 giant cockroaches
  24 goblins
  16 hobgoblins
  6 jackals
  11 kobolds
  8 quokkas
  17 ball pythons
  3 bats
  2 frilled lizards
  8 rats
  2 fire vortices (Hell)
1042 creatures vanquished.

Vanquished Creatures (others)
  2 wizards
  A hornet (Depths:4)
  A goblin (Bailey)
  3 fire vortices (Hell)
  22 foxfires (D:8)
  8 fungi (D:10)
  87 plants
  3 withered plants (D:5)
127 creatures vanquished.

Grand Total: 1169 creatures vanquished
